details: 'the.carry cant carry a 4v3'

« prev index next »

General information

Mini Map

Players

team 1
Random» OrcThe.Carry (teal | 81 APM | 1648 actions | 20:27)
Hero icon 5 Blademaster
Ability icon 2 Wind Walk
Ability icon 3 Critical Strike
Hero icon 4 Shadow Hunter
Ability icon 2 Hex
Ability icon 2 Healing Wave
Hero icon 3 Tauren Chieftain
Ability icon 2 Endurance Aura
Ability icon 1 War Stomp

» actions
Assign group hotkey75
Basic commands10
Build / train69
ESC pressed2
Enter build submenu36
Enter hero's abilities submenu12
Give item / drop item7
Remove unit from queue2
Right click721
Select / deselect235
Select group hotkey372
Use ability107
1648 total
» units
Peon14
Wind Rider6
Goblin Shredder1
Troll Batrider9
30 total
» upgrades
Envenomed Spears1
Reinforced Defenses1
Spiked Barricades0
Ranged Weapons2
Liquid Fire1
Armor2
7 total
» buildings
Altar of Storms1
Orc Burrow8
Voodoo Lounge1
War Mill2
Stronghold4
Watch Tower8
Great Hall5
Fortress1
Beastiary3
Spirit Lodge2
35 total
» build order
00:08 Altar of Storms
00:21 Orc Burrow
00:32 Voodoo Lounge
01:21 War Mill
01:24 War Mill
02:25 Stronghold
02:25 Stronghold
02:25 Stronghold
02:41 Orc Burrow
03:25 Watch Tower
03:26 Watch Tower
03:28 Watch Tower
03:34 Watch Tower
04:15 Great Hall
04:41 Watch Tower
05:32 Fortress
06:09 Watch Tower
06:58 Beastiary
06:59 Beastiary
07:17 Watch Tower
07:50 Beastiary
07:55 Orc Burrow
09:40 Orc Burrow
10:21 Orc Burrow
11:02 Orc Burrow
11:50 Orc Burrow
11:52 Orc Burrow
13:10 Great Hall
14:03 Spirit Lodge
14:04 Spirit Lodge
16:45 Great Hall
19:24 Watch Tower
19:28 Great Hall
19:35 Great Hall
» items
Healing Salve3
Lesser Clarity Potion1
Boots of Speed1
Dust of Appearance1
Orb of Lightning1
Scroll of Healing1
Scroll of Protection1
Scroll of Town Portal1
10 total
Random» UndeadZorion (orange | 60 APM | 1122 actions | 18:47)
Hero icon 4 Death Knight
Ability icon 2 Death Coil
Ability icon 2 Unholy Aura
Hero icon 2 Lich
Ability icon 1 Frost Nova
Ability icon 1 Dark Ritual

» actions
Assign group hotkey53
Basic commands28
Build / train65
Enter build submenu23
Enter hero's abilities submenu7
Give item / drop item2
Right click331
Select / deselect283
Select group hotkey258
Use ability72
1122 total
» units
Acolyte15
Ghoul4
Crypt Fiend6
Obsidian Statue2
Frost Wyrm1
28 total
» upgrades
Ghoul Frenzy1
Destroyer Form1
Creature Attack3
Creature Carapace2
Web1
8 total
» buildings
Crypt1
Ziggurat8
Altar of Darkness1
Graveyard1
Tomb of Relics3
Nerubian Tower2
Spirit Tower3
Halls of the Dead1
Black Citadel1
Necropolis1
Slaughterhouse1
Sacrificial Pit1
Boneyard3
27 total
» build order
00:27 Crypt
00:32 Ziggurat
00:38 Altar of Darkness
01:15 Graveyard
01:24 Tomb of Relics
01:58 Ziggurat
03:11 Nerubian Tower
04:01 Spirit Tower
04:47 Halls of the Dead
05:35 Ziggurat
07:35 Black Citadel
07:42 Necropolis
08:49 Slaughterhouse
09:26 Ziggurat
09:29 Ziggurat
10:40 Spirit Tower
10:41 Ziggurat
11:30 Tomb of Relics
11:35 Sacrificial Pit
12:00 Nerubian Tower
13:10 Ziggurat
13:13 Tomb of Relics
14:20 Boneyard
14:22 Boneyard
14:24 Boneyard
14:30 Spirit Tower
17:31 Ziggurat
» items
Rod of Necromancy3
Sacrificial Skull1
Dust of Appearance1
Scroll of Town Portal3
Orb of Corruption1
Periapt of Vitality2
Potion of Lesser Invulnerability1
Boots of Speed1
Healing Wards1
14 total
HumanSimonSays (yellow | 63 APM | 1247 actions | 19:51)
Hero icon 5 Blood Mage
Ability icon 2 Flame Strike
Ability icon 3 Banish

» actions
Assign group hotkey9
Basic commands3
Build / train42
Enter build submenu24
Enter hero's abilities submenu5
Give item / drop item2
Right click881
Select / deselect224
Select group hotkey16
Use ability41
1247 total
» units
Peasant18
Gryphon Rider8
26 total
» upgrades
Swords1
Armor1
Storm Hammers1
3 total
» buildings
Altar of Kings2
Farm10
Keep1
Blacksmith1
Lumber Mill2
Castle1
Scout Tower1
Gryphon Aviary2
Arcane Vault1
21 total
» build order
00:12 Altar of Kings
00:24 Farm
01:54 Keep
02:01 Farm
02:18 Blacksmith
03:28 Lumber Mill
04:21 Castle
06:55 Scout Tower
08:05 Gryphon Aviary
08:16 Gryphon Aviary
08:58 Farm
09:07 Farm
09:24 Farm
09:27 Farm
09:30 Farm
09:58 Lumber Mill
11:32 Altar of Kings
15:15 Farm
15:19 Farm
15:22 Farm
15:28 Arcane Vault
» items
Boots of Speed1
Staff of Teleportation1
Potion of Lesser Invulnerability1
Scroll of Town Portal1
Scroll of Regeneration1
5 total
Random» NightElfAccCreate (pink | 86 APM | 598 actions | 06:59)
Hero icon 2 Demon Hunter
Ability icon 1 Evasion
Ability icon 1 Mana Burn

» actions
Assign group hotkey7
Basic commands26
Build / train44
ESC pressed7
Enter build submenu18
Enter hero's abilities submenu2
Right click137
Select / deselect92
Select group hotkey216
Use ability49
598 total
» units
Wisp33
Archer1
34 total
» buildings
Altar of Elders3
Moon Well5
Ancient of War1
Ancient of Wonders2
Tree of Ages2
Tree of Life1
Ancient of Wind3
Tree of Eternity2
19 total
» build order
00:02 Altar of Elders
00:07 Altar of Elders
00:09 Altar of Elders
00:18 Moon Well
00:33 Ancient of War
01:53 Moon Well
02:16 Ancient of Wonders
02:24 Ancient of Wonders
03:20 Tree of Ages
03:20 Tree of Ages
03:58 Moon Well
04:00 Moon Well
04:01 Moon Well
04:40 Tree of Life
06:21 Ancient of Wind
06:23 Ancient of Wind
06:24 Ancient of Wind
06:42 Tree of Eternity
» items
Dust of Appearance1
Scroll of Town Portal1
2 total
team 2
Random» Human300_SPARTA (red | 3 APM | 57 actions | 20:27)

» actions
Build / train5
ESC pressed2
Enter build submenu2
Right click16
Select / deselect29
Use ability3
57 total
» units
Peasant5
5 total
» buildings
Altar of Kings1
1 total
» build order
19:15 Altar of Kings
Random» NightElfzion360 (blue | 41 APM | 848 actions | 20:27)
Hero icon 4 Priestess of the Moon
Ability icon 1 Scout
Ability icon 2 Trueshot Aura
Ability icon 1 Searing Arrows
Hero icon 3 Dark Ranger
Ability icon 1 Black Arrow
Ability icon 1 Silence
Ability icon 1 Life Drain

» actions
Assign group hotkey8
Basic commands14
Build / train66
Enter build submenu24
Enter hero's abilities submenu7
Give item / drop item1
Remove unit from queue1
Right click257
Select / deselect275
Select group hotkey147
Use ability48
848 total
» units
Wisp25
Druid of the Talon4
Chimaera6
Hippogryph6
41 total
» upgrades
Ultravision1
Strength of the Wild2
Reinforced Hides3
Druid of the Talon Training1
Corrosive Breath1
8 total
» buildings
Moon Well8
Altar of Elders1
Tree of Ages1
Hunter's Hall1
Tree of Eternity1
Ancient of Wind2
Tree of Life2
Chimaera Roost3
Ancient of Wonders1
Ancient Protector7
27 total
» build order
00:21 Moon Well
01:17 Altar of Elders
01:20 Moon Well
02:17 Moon Well
02:41 Tree of Ages
03:09 Hunter's Hall
03:16 Moon Well
04:27 Moon Well
05:21 Tree of Eternity
05:26 Ancient of Wind
05:31 Ancient of Wind
07:00 Tree of Life
07:55 Chimaera Roost
07:57 Chimaera Roost
08:03 Chimaera Roost
08:47 Ancient of Wonders
12:02 Moon Well
12:03 Moon Well
12:04 Moon Well
13:30 Ancient Protector
13:32 Ancient Protector
13:36 Ancient Protector
13:51 Ancient Protector
14:47 Ancient Protector
18:15 Ancient Protector
18:20 Ancient Protector
19:11 Tree of Life
» items
Moonstone2
Scroll of Town Portal1
Orb of Venom1
Potion of Healing1
5 total
Random» Orcalembic (green | 105 APM | 2156 actions | 20:28)
Hero icon 6 Blademaster
Ability icon 3 Wind Walk
Ability icon 2 Critical Strike
Ability icon 1 Bladestorm
Hero icon 4 Shadow Hunter
Ability icon 2 Hex
Ability icon 2 Healing Wave

» actions
Assign group hotkey79
Basic commands43
Build / train94
Enter build submenu21
Enter hero's abilities submenu10
Give item / drop item8
Remove unit from queue5
Right click793
Select / deselect341
Select group hotkey541
Use ability221
2156 total
» units
Peon23
Grunt6
Wind Rider-1
Goblin Shredder1
Troll Batrider20
49 total
» upgrades
Berserker Strength1
Pillage1
Liquid Fire1
Reinforced Defenses1
4 total
» buildings
Altar of Storms2
Orc Burrow6
Barracks1
Voodoo Lounge1
Stronghold1
Great Hall1
Beastiary3
War Mill1
Fortress1
Watch Tower5
22 total
» build order
00:03 Altar of Storms
00:05 Altar of Storms
00:14 Orc Burrow
00:37 Barracks
01:25 Orc Burrow
01:58 Voodoo Lounge
03:16 Stronghold
04:03 Great Hall
04:25 Orc Burrow
07:42 Beastiary
07:43 Beastiary
07:53 War Mill
08:54 Fortress
09:22 Orc Burrow
10:09 Orc Burrow
10:10 Orc Burrow
12:27 Beastiary
13:37 Watch Tower
13:38 Watch Tower
14:56 Watch Tower
16:25 Watch Tower
19:28 Watch Tower
» items
Healing Salve6
Circlet of Nobility1
Staff of Teleportation2
Boots of Speed1
Lesser Clarity Potion1
Potion of Lesser Invulnerability1
Orb of Lightning1
Scroll of Town Portal3
Gloves of Haste1
17 total
OrcYamahaR6 (purple | 24 APM | 488 actions | 20:27)
Hero icon 3 Blademaster
Ability icon 2 Wind Walk
Ability icon 1 Mirror Image

» actions
Basic commands2
Build / train51
Enter build submenu23
Enter hero's abilities submenu3
Remove unit from queue1
Right click181
Select / deselect194
Use ability33
488 total
» units
Peon13
Grunt6
Wind Rider7
Shaman4
Goblin Shredder1
31 total
» upgrades
Armor3
Spiked Barricades1
Ranged Weapons2
Shaman Training2
Envenomed Spears1
Reinforced Defenses1
10 total
» buildings
Altar of Storms1
Orc Burrow7
War Mill1
Barracks2
Stronghold1
Watch Tower5
Fortress1
Spirit Lodge2
Beastiary2
Great Hall1
Voodoo Lounge1
24 total
» build order
00:24 Altar of Storms
00:40 Orc Burrow
00:56 War Mill
01:16 Orc Burrow
01:40 Barracks
02:23 Barracks
02:36 Orc Burrow
05:28 Stronghold
05:33 Watch Tower
05:43 Watch Tower
05:51 Watch Tower
06:02 Watch Tower
08:15 Fortress
08:23 Spirit Lodge
08:26 Beastiary
08:35 Beastiary
08:43 Spirit Lodge
08:53 Orc Burrow
09:57 Orc Burrow
13:16 Watch Tower
13:32 Orc Burrow
15:08 Great Hall
18:23 Voodoo Lounge
20:08 Orc Burrow
» items
Scroll of Town Portal1
1 total

Chat log

(00:49 / All) The.Carry: GL
(00:49 / All) The.Carry: HF
(00:50 / All) The.Carry: GG
(00:58 / All) alembic: cant carry a solo
(01:01 / All) alembic: =(
(01:06 / All) The.Carry: did you get my message?
(01:47 / Allies) zion360: wisp coming your way green
(02:11 / Allies) zion360: nice

(04:06 / Allies) zion360: take reds mine green
(04:09 / Allies) zion360: tower it
(04:51 / Allies) zion360: has nothing
(04:57 / All) zion360: uou have nothing at base pink
(05:01 / All) AccCreate: lol
(05:05 / All) AccCreate: and yet ihave archers
(05:06 / All) AccCreate: how funny
(05:09 / All) AccCreate: lol
(05:13 / Allies) zion360: yes
(05:15 / All) zion360: yes

(06:55 / All) AccCreate: ehh gg
(07:07 / All) zion360: ROFL

(15:03 / Allies) alembic: hit
(16:01 / Allies) YamahaR6: out

(20:21 / All) zion360: too late moron